 Dungeon Crawl Stone Soup version 0.27-a0-1147-gb3d8e82157 (webtiles) character file.

Game seed: 2363246975384183250

1151 Wobber the Magician (level 8, -2/58 HPs)
             Began as a Djinni Ice Elementalist on May 12, 2021.
             Slain by an ogre
             ... wielding a +0 giant club
              (30 damage)
             ... on level 5 of the Dungeon.
             The game lasted 00:29:01 (5630 turns).

Wobber the Magician (Djinni Ice Elementalist)       Turns: 5630, Time: 00:29:02

Health: -2/58      AC: 14    Str:  7    XL:     8   Next: 38%
Gold:   275        EV: 14    Int: 19    God:
                   SH:  0    Dex: 14

rFire    + + .     SeeInvis .   j - +2 dagger (speed)
rCold    x . .     Faith    .   (no shield)
rNeg     . . .     Spirit   .   a - +0 robe
rPois    ∞         Reflect  .   v - +0 helmet
rElec    .         Harm     .   r - scarf {repulsion}
rCorr    .         Rampage  .   (no gloves)
Will     .....                  (boots unavailable)
Stlth    ++........             (no amulet)
HPRegen  0.19/turn              o - +4 ring of protection
MPRegen  0.00/turn              (no ring)

@: ice-armoured, freezing walls, flying, repel missiles
A: sickness immunity, fire resistance 2, cold vulnerability 1, float, innate
caster, hp casting, extra vitality 1
a: no special abilities


You were on level 5 of the Dungeon.
You visited 1 branch of the dungeon, and saw 5 of its levels.

You collected 275 gold pieces.

Inventory:

Hand Weapons
 g - a +0 short sword
 j - a +2 dagger of speed (weapon)
 n - a +0 quarterstaff
 q - a +3 whip
Armour
 a - a +0 robe (worn)
 c - a +2 kite shield
 r - a scarf of repulsion (worn)
 v - a +0 helmet (worn)
 y - a +0 leather armour
 z - a +0 scale mail
Magical Staves
 l - a staff of death
Jewellery
 o - a +4 ring of protection (left hand)
Wands
 p - a wand of acid (8)
 t - a wand of flame (19)
Scrolls
 d - 3 scrolls of identify
 h - a scroll of fear {unknown}
 i - 2 scrolls of teleportation {unknown}
 s - a scroll of magic mapping {unknown}
 u - 3 scrolls of enchant armour {unknown}
 w - a scroll of holy word {unknown}
 x - a scroll of noise {unknown}
Potions
 b - a potion of resistance {unknown}
 e - 2 potions of might
 f - a potion of brilliance {unknown}
 k - a potion of haste {unknown}
 m - a potion of flight {unknown}


   Skills:
 + Level 4.4 Fighting
 + Level 5.4 Dodging
 - Level 1.5 Stealth
 - Level 2.2 Shields
 * Level 6.6 Spellcasting


You couldn't memorise any spells.
You knew the following spells:

 Your Spells              Type           Power      Damage    Failure   Level
a - Freeze                Ice            100%       1d11      1%          1
b - Frozen Ramparts       Ice            62%        1d8       1%          3
c - Ozocubu's Armour      Ice            31%        N/A       1%          3
d - Hailstorm             Conj/Ice       31%        3d8       7%          4
e - Metabolic Englaciati  Hex/Ice        15%        N/A       19%         5
f - Sting                 Tmut/Pois      100%       1d8       1%          1
g - Ensorcelled Hibernat  Hex/Ice        62%        N/A       1%          2
h - Mephitic Cloud        Conj/Pois/Air  31%        N/A       1%          3
Your spell library was empty.

Dungeon Overview and Level Annotations

Branches:
Dungeon (5/15)
 Temple: D:4-7

Altars:

Shops:
D:2 [   D:3 (


Innate Abilities, Weirdness & Mutations

You are immune to sickness and miasma.
You are immune to poison.
Your flesh is very heat resistant. (rF++)
You are vulnerable to cold. (rC-)
You float through the air rather than walking.
You learn spells naturally, not from books.
Your magical power is your life essence.
You have superior vitality. (+4 HP)


Message History

Pikel is severely wounded.
The wall freezes Pikel.
Pikel hits you with a +0 whip of flaming!
Pikel burns you.
The wall freezes the lemure.
You kill the lemure!
That felt strangely unrewarding.
The wall freezes the lemure.
The wall freezes the lemure!
The heat melts your icy armour.
Casting: Freeze (safe; 1% risk of failure)
Confirm with . or Enter, or press ? or * to list all spells.
Aiming: Freeze (safe; 1% risk of failure)
Press: ? - help, Shift-Dir - straight line, f/p - Pikel
Aim: Pikel, wielding a +0 whip of flaming and wearing a +1 robe of positive energy (almost dead)
You freeze Pikel!
You kill Pikel!
With Pikel's spell broken, his former minions thank you for their freedom.
The lemure departs this earthly plane. x2; The wall freezes the ogre.
Your Fighting skill increases to level 4!
Your Dodging skill increases to level 5!
Your Spellcasting skill increases to level 6!
You have reached level 8!
You feel agile.
Casting: Freeze (safe; 1% risk of failure)
Confirm with . or Enter, or press ? or * to list all spells.
Aiming: Freeze (safe; 1% risk of failure)
Press: ? - help, Shift-Dir - straight line, f - ogre
Aim: an ogre, wielding a +0 giant club (black smoke, moderately wounded)
You freeze the ogre.
The ogre is moderately wounded.
Casting: Freeze (safe; 1% risk of failure)
Confirm with . or Enter, or press ? or * to list all spells.
Aiming: Freeze (safe; 1% risk of failure)
Press: ? - help, Shift-Dir - straight line, f/p - ogre
Aim: an ogre, wielding a +0 giant club (black smoke, moderately wounded)
You freeze the ogre!
The ogre is severely wounded.
The wall freezes the ogre.
The ogre hits you with a +0 giant club!!
Ouch! That really hurt!
You die...

## #### . .
..# .# O.. #.#
#§#...#
###.###.§.....
#....@O§.# #
#.#.######
#.#.#.#
#.#.#.#
#.....#
###.### #...#
#.#.##
#....####


You could see an ogre.

Vanquished Creatures
  Pikel (D:5)
  A black bear (D:5)
  A necrophage (D:4)
  2 lemures (D:5)
  5 orc priests
  3 jellies
  3 iguanas
  Robin (D:4)
  8 adders
  2 worms (D:2)
  2 dart slugs (D:1)
  7 orcs
  7 endoplasms
  5 giant cockroaches
  12 goblins
  13 hobgoblins
  7 jackals
  9 kobolds
  2 quokkas (D:3)
  9 ball pythons
  5 bats
  5 frilled lizards
  13 rats
123 creatures vanquished.

Notes
Turn   | Place    | Note
-------+----------+-------------------------------------------
     0 | D:1      | Wobber the Djinni Ice Elementalist began the quest for the
                  | Orb.
     0 | D:1      | Reached XP level 1. HP: 15/15 MP: 0/0
   166 | D:1      | Reached XP level 2. HP: 20/22 MP: 0/0
   532 | D:1      | Reached skill level 4 in Spellcasting
   639 | D:1      | Reached skill level 1 in Fighting
   639 | D:1      | Reached XP level 3. HP: 25/27 MP: 0/0
   639 | D:1      | Learned a level 1 spell: Sting
   877 | D:1      | Found a faded altar of an unknown god.
  1627 | D:2      | Found Mohobexe's Antique Armour Emporium.
  1697 | D:2      | Reached XP level 4. HP: 30/32 MP: 0/0
  2479 | D:3      | Reached skill level 1 in Shields
  2864 | D:3      | Reached XP level 5. HP: 5/38 MP: 0/0
  2864 | D:3      | Learned a level 2 spell: Ensorcelled Hibernation
  2874 | D:3      | HP: 1/38 [rat (3)]
  3521 | D:3      | Found Pogi's Weapon Shoppe.
  3980 | D:4      | Noticed a necrophage
  4002 | D:4      | Killed a necrophage
  4003 | D:4      | Reached skill level 5 in Spellcasting
  4003 | D:4      | Reached XP level 6. HP: 16/45 MP: 0/0
  4654 | D:4      | Noticed Robin
  4673 | D:4      | Killed Robin
  4674 | D:4      | Reached XP level 7. HP: 21/49 MP: 0/0
  4674 | D:4      | Learned a level 3 spell: Mephitic Cloud
  5236 | D:5      | Entered Level 5 of the Dungeon
  5616 | D:5      | Noticed Pikel
  5628 | D:5      | Killed Pikel
  5629 | D:5      | Reached skill level 5 in Dodging
  5629 | D:5      | Reached skill level 6 in Spellcasting
  5629 | D:5      | Reached XP level 8. HP: 30/58 MP: 0/0
  5630 | D:5      | Slain by an ogre

Illustrated notes

Levels and vault maps discovered:
D:1:      heliophobic_arrival_enchanted_forest, layout_loops_ring,
          shapermc_ecumenical_altar_notcrosses
D:2:      layout_loops_ring, serial_shops, shop
D:3:      minmay_wonky_spiral, layout_basic, serial_shops, shop
D:4:      layout_basic, uniq_robin
D:5:      layout_loops_corners, uniq_crazy_yiuf_cottage, uniq_pikel,
          uniq_blork_the_orc

Skill      XL: |  1  2  3  4  5  6  7 |
---------------+----------------------+-----
Spellcasting   | 4 5 6 |  6.6
Fighting       | 1 2 4 |  4.4
Dodging        | 3 4 5 |  5.4
Shields        | 1 2 |  2.2
Stealth        | |  1.5

Action                   |  1- 3 |  4- 6 |  7- 9 || total
-------------------------+-------+-------+-------++-------
Melee: Unarmed           |     3 |       |       ||     3
       Dagger            |     4 |     9 |       ||    13
 Cast: Freeze            |    40 |    69 |    17 ||   126
       Sting             |    31 |    79 |     8 ||   118
       Frozen Ramparts   |       |     2 |     3 ||     5
       Mephitic Cloud    |       |       |     2 ||     2
       Ozocubu's Armour  |       |       |     1 ||     1
  Use: Potion            |       |     2 |       ||     2
       Scroll            |       |     1 |       ||     1
Armor: Robe              |     8 |     8 |     4 ||    20
Dodge: Dodged            |    13 |    38 |     3 ||    54
       Repelled          |       |     1 |       ||     1

Table legend: (Time is in decaauts)
 A = Elapsed time spent in this place.
 B = Non-inter-level travel time spent in this place.
 C = Inter-level travel time spent in this place.
 D = Time resting spent in this place.
 E = Time spent auto-exploring this place.
 F = Levels seen in this place.
 G = Mean time per level.
                   A        B        C        D        E       F      G
               +--------+--------+--------+--------+--------+-----+--------+
         Total |   5621 |   5568 |     53 |   1001 |   3659 |   5 | 1124.2 |
       Dungeon |   5621 |   5568 |     53 |   1001 |   3659 |   5 | 1124.2 |
               +--------+--------+--------+--------+--------+-----+--------+

Top non-repeatable levels by time:
     D:3: 1585 daAuts
     D:4: 1373 daAuts
     D:1: 1295 daAuts
     D:2: 973 daAuts
     D:5: 393 daAuts
